 Dungeon Crawl Stone Soup version 0.32-a0-909-gc671339 (webtiles) character file.

Game seed: 2974597742452102177

1991478 MIFIGHTER the Axe Maniac (level 26, 230/230 HPs)
             Began as a Mountain Dwarf Fighter on Apr 6, 2024.
             Was the Champion of Yredelemnul.
             Escaped with the Orb
             ... and 3 runes!
             The game lasted 01:49:53 (49464 turns).

MIFIGHTER the Axe Maniac (Mountain Dwarf Fighter)  Turns: 49464, Time: 01:49:54

Health: 230/230    AC: 44    Str: 29    XL:     26   Next: 30%
Magic:  39/39      EV:  9    Int: 19    God:    Yredelemnul [******]
Gold:   3515       SH: 25    Dex:  9    Spells: 33/37 levels left

rFire   + + +        G - +9 broad axe (flame)
rCold   + + +        q - +0 tower shield of the Gravedigger {^Drain rElec rN++}
rNeg    + + +        K - +10 plate armour of the Wilderness {rPois Int+2}
rPois   +            z - +0 mask of the Dragon {Will+ Slay+3 SInv}
rElec   +            H - +1 cloak "Raoschar" {rF++ rC+ Regen+ Stlth-}
rCorr   +            p - +0 pair of gloves
SInv    +            B - +2 pair of boots "Xiteomig" {^Drain rPois rC++ rN+++}
Will    +++..        n - amulet of regeneration Stlth
                     t - ring of protection from fire
HPRegen 2.18/turn    X - ring "Luass" {rCorr AC+4 Dex+2}
MPRegen 0.26/turn

%: no passive effects
@: wreathed by umbra, studying 6 skills
A: runic magic, artefact enchanting, large bone plates 1, clever 1,
deterioration 2, frail 1, screaming 1, strong 1, inability to read after injury
1
0: Orb of Zot
}: 3/15 runes: barnacled, silver, gossamer
a: Renounce Religion, Light the Black Torch, Recall Undead Harvest, Hurl
Torchlight, Bind Soul, Fathomless Shackles


You escaped.
You worshipped Yredelemnul.
Yredelemnul was extremely pleased with you.
You visited 10 branches of the dungeon, and saw 48 of its levels.
You also visited: Ossuary and Ice Cave.

You collected 7280 gold pieces.
You spent 3765 gold pieces at shops.

Inventory:

Hand Weapons
 G - a +9 broad axe of flaming (weapon)
 P - a +1 heavy broad axe
Missiles
 F - 7 curare-tipped darts (quivered)
 J - 6 throwing nets
Armour
 p - a +0 pair of gloves (worn)
 q - the +0 tower shield of the Gravedigger (worn) {^Drain rElec rN++}
   (You acquired it on level 2 of the Lair of Beasts)

   rElec:     It insulates you from electricity.
   rN++:      It greatly protects you from negative energy.
   ^Drain:    It drains your maximum health when unequipped.
 z - the +0 mask of the Dragon (worn) {Will+ Slay+3 SInv}
   (You found it on level 4 of the Spider Nest)

   Slay+3:    It affects your accuracy & damage with ranged weapons and melee
   (+3).
   Will+:     It increases your willpower.
   SInv:      It lets you see invisible.
 B - the +2 pair of boots "Xiteomig" (worn) {^Drain rPois rC++ rN+++}
   (You acquired it on level 2 of the Lair of Beasts)

   rC++:      It greatly protects you from cold.
   rPois:     It protects you from poison.
   rN+++:     It renders you almost immune to negative energy.
   ^Drain:    It drains your maximum health when unequipped.
 H - the +1 cloak "Raoschar" (worn) {rF++ rC+ Regen+ Stlth-}
   (You found it on level 5 of the Vaults)

   rF++:      It greatly protects you from fire.
   rC+:       It protects you from cold.
   Regen+:    It increases your rate of health regeneration.
   Stlth-:    It makes you less stealthy.
 K - the +10 plate armour of the Wilderness (worn) {rPois Int+2}
   (You bought it in a shop on level 3 of the Vaults)

   Int+2:     It affects your intelligence (+2).
   rPois:     It protects you from poison.
Jewellery
 n - an amulet of regeneration (around neck)
 t - a ring of protection from fire (left hand)
 x - a +4 ring of protection
 I - a ring of willpower
 X - the ring "Luass" (right hand) {rCorr AC+4 Dex+2}
   (You acquired it on level 14 of the Dungeon)

   [ring of protection]

   AC+4:      It affects your AC (+4).
   Dex+2:     It affects your dexterity (+2).
   rCorr:     It protects you from acid and corrosion.
Wands
 D - a wand of acid (11)
 O - a wand of charming (52)
 U - a wand of digging (13)
 Y - a wand of iceblast (19)
Scrolls
 a - 5 scrolls of enchant weapon
 b - 22 scrolls of teleportation
 f - 3 scrolls of butterflies
 g - 7 scrolls of poison
 h - 10 scrolls of fog
 m - 3 scrolls of vulnerability
 o - 9 scrolls of fear
 r - 2 scrolls of blinking
 w - 2 scrolls of torment
 y - 8 scrolls of revelation
 A - a scroll of brand weapon
 N - 2 scrolls of silence
 Q - 3 scrolls of immolation
Potions
 c - 4 potions of resistance
 d - 8 potions of attraction
 e - 6 potions of cancellation
 i - 10 potions of brilliance
 j - 11 potions of magic
 k - 6 potions of enlightenment
 u - 31 potions of curing
 v - 6 potions of invisibility
 C - 7 potions of lignification
 E - 5 potions of heal wounds
 L - 12 potions of mutation
 S - 9 potions of ambrosia
 T - 3 potions of might
 W - 6 potions of haste
Miscellaneous
 l - a tin of tremorstones (1/2)
 s - a sack of spiders (inert)
 M - a phantom mirror
 R - a phial of floods
 V - a lightning rod (4/4)


   Skills:
 + Level 24.7 Fighting
 O Level 27 Axes
 - Level 2.0 Throwing
 + Level 24.4 Armour
 - Level 6.0 Dodging
 + Level 22.8 Shields
 - Level 6.0 Spellcasting
 - Level 11.0 Summonings
 - Level 11.0 Necromancy
 + Level 25.2 Invocations
 - Level 13.0 Evocations


You had 33 spell levels left.
You knew the following spells:

 Your Spells              Type           Power      Damage    Failure   Level
a - Martyr's Knell        Necr/Summ      47%        N/A       1%          4

Your spell library contained the following spells:

 Spells                   Type           Power      Damage    Failure   Level
 Kiss of Death            Conj/Necr      100%       2d13      1%          1
 Necrotise                Necr           100%       1d9       1%          1
 Summon Small Mammal      Summ           100%       N/A       1%          1
 Call Imp                 Summ           94%        N/A       1%          2
 Sublimation of Blood     Necr           47%        N/A       1%          2
 Call Canine Familiar     Summ           47%        N/A       1%          3
 Fugue of the Fallen      Necr           47%        N/A       1%          3
 Vampiric Draining        Necr           47%        2d9       1%          3
 Dispel Undead            Necr           47%        3d18      1%          4
 Summon Ice Beast         Ice/Summ       26%        N/A       6%          3
 Curse of Agony           Necr           47%        N/A       6%          5
 Cigotuvi's Dreadful Rot  Necr/Alch/Air  38%        N/A       7%          2
 Apportation              Tloc           10%        N/A       19%         1
 Sandblast                Erth           10%        2d5       19%         1
 Sting                    Conj/Alch      20%        1d4       19%         1
 Anguish                  Hex/Necr       13%        N/A       21%         4
 Animate Armour           Summ/Erth      52%        N/A       21%         4
 Summon Blazeheart Golem  Fire/Summ      26%        N/A       21%         4
 Summon Lightning Spire   Summ/Air       26%        N/A       21%         4
 Blink                    Tloc           10%        N/A       28%         2
 Ensorcelled Hibernation  Hex/Ice        10%        N/A       28%         2
 Jinxbite                 Hex            10%        N/A       28%         2
 Lesser Beckoning         Tloc           10%        N/A       28%         2
 Mercury Vapours          Alch/Air       10%        N/A       28%         2
 Momentum Strike          Conj/Tloc      10%        3d8       28%         2
 Scorch                   Fire           10%        2d5       28%         2
 Summon Cactus Giant      Summ           23%        N/A       32%         6
 Confusing Touch          Hex            5%         N/A       50%         3
 Dazzling Flash           Conj/Hex       10%        N/A       50%         3
 Inner Flame              Hex/Fire       5%         N/A       50%         3
 Maxwell's Portable Pile  Tloc           5%         2d(5-15)  50%         3
 Passwall                 Erth           5%         N/A       50%         3
 Stone Arrow              Conj/Erth      10%        3d7       50%         3
 Swiftness                Air            5%         N/A       50%         3
 Teleport Other           Tloc           5%         N/A       50%         3
 Tukima's Dance           Hex            5%         N/A       50%         3
 Volatile Blastmotes      Fire/Tloc      10%        2d10      50%         3
 Summon Forest            Summ/Tloc      13%        N/A       50%         5
 Summon Mana Viper        Hex/Summ       26%        N/A       50%         5
 Haunt                    Necr/Summ      23%        N/A       87%         7
 Monstrous Menagerie      Summ           23%        N/A       87%         7
 Summon Hydra             Summ           23%        N/A       87%         7
 Brom's Barrelling Bould  Conj/Erth      5%         2d3       88%         4
 Cause Fear               Hex            2%         N/A       88%         4
 Dimensional Bullseye     Hex/Tloc       2%         N/A       88%         4
 Flame Wave               Conj/Fire      5%         2d5       88%         4
 Fulminant Prism          Conj/Alch      2%         3d5       88%         4
 Iskenderun's Mystic Bla Conj/Tloc 5%             2d3        (+2d1     88%         4
 Leda's Liquefaction      Alch/Erth      2%         N/A       88%         4
 Olgreb's Toxic Radiance  Alch           5%         N/A       88%         4
 Passage of Golubria      Tloc           5%         N/A       88%         4
 Sticky Flame             Fire/Alch      5%         2d4       88%         4
 Vhi's Electric Charge    Tloc/Air       10%        N/A       88%         4
 Alistair's Intoxication  Alch           3%         N/A       99%         5
 Arcjolt                  Conj/Air       2%         1d12      99%         5
 Fireball                 Conj/Fire      2%         3d4       99%         5
 Irradiate                Conj/Alch      2%         3d12      99%         5
 Lee's Rapid Deconstruct  Erth           2%         3d5*      99%         5
 Yara's Violent Unravell  Hex/Alch       2%         3d3       99%         5
 Bombard                  Conj/Erth      2%         9d1       100%        6
 Dispersal                Tloc           2%         N/A       100%        6
 Gell's Gavotte           Tloc           2%         2d(12-18) 100%        6
 Permafrost Eruption      Ice/Erth       2%         2x4d2     100%        6
 Sculpt Simulacrum        Ice/Alch       2%         N/A       100%        6
 Starburst                Conj/Fire      2%         6d3       100%        6
 Enfeeble                 Hex            2%         N/A       100%        7
 Manifold Assault         Tloc           2%         N/A       100%        7
 Orb of Destruction       Conj           2%         9d5       100%        7
 Ozocubu's Refrigeration  Ice            2%         4d8       100%        7
 Spellforged Servitor     Conj/Summ      13%        N/A       100%        7
 Borgnjor's Revivificati  Necr           23%        N/A       100%        8
 Discord                  Hex            2%         N/A       100%        8
 Disjunction              Tloc           2%         N/A       100%        8
 Ignition                 Fire           2%         3d3       100%        8
 Maxwell's Capacitive Co  Air            2%         ∞         100%        8
 Summon Horrible Things   Summ           23%        N/A       100%        8
 Death's Door             Necr           23%        N/A       100%        9
 Dragon's Call            Summ           23%        N/A       100%        9
 Polar Vortex             Ice            2%         N/A       100%        9


Dungeon Overview and Level Annotations

Branches:
Dungeon (15/15)            Temple (1/1) D:7            Lair (5/5) D:9
 Shoals (4/4) Lair:2       Spider (4/4) Lair:3        Slime (0/5) Lair:5
    Orc (2/2) D:10            Elf (3/3) Orc:2        Vaults (5/5) D:13
  Crypt (0/3) Vaults:2     Depths (4/4) D:15            Zot (5/5) Depths:4
Ossuary (visited)           IceCv (visited)

Altars:
Ashenzari
Cheibriados
Dithmenos
Elyvilon
Fedhas
Gozag
Hepliaklqana
Kikubaaqudgha
Makhleb
Nemelex Xobeh
Okawaru
Qazlal
Ru
Sif Muna
Trog
Uskayaw
Vehumet
Wu Jian
Xom
Yredelemnul
Zin
The Shining One
Beogh
Jiyva
Lugonu

Shops:
D:2 (   D:3 ?   D:6 ?   D:13 =   D:15 *   Orc:2 !:*:   Elf:1 :*   Elf:2 !
Shoals:2 =   Vaults:2 (   Vaults:3 [(?   Vaults:4 [[[   Vaults:5 *   Depths:1 *

Portals:
Hell: Depths:1 Depths:2 Depths:3 Depths:4
Abyss: D:3 Lair:5 Depths:2 Depths:3 Depths:4
Pandemonium: Depths:2
Ziggurat: Depths:4

Annotations:
D:3 2 transporters, aor's ghost, amateur TrSh
D:5 1 runed translucent door, Lovepenguin's ghost, novice DgFE
D:15 3 runed translucent doors, Bareniuwn's ghost, journeyman DECj


Innate Abilities, Weirdness & Mutations

Your spellcasting is much less encumbered by armour.
You can use scrolls of enchantment on lesser artefacts.
You are partially covered in large bone plates. (SH +4)
Your mind is acute. (Int +4, Str/Dex -1)
Your body often deteriorates upon taking damage.
You are frail. (-10% HP)
You occasionally shout uncontrollably at your foes.
Your muscles are strong. (Str +4, Int/Dex -1)
You occasionally lose the ability to read scrolls when taking damage.


Message History

Blink to where?
Press: ? - help, Dir - move target, p - angel
As you read the scroll of blinking, it crumbles to dust.
The cherub unwields a +2 falchion of flaming.
It stops flaming.
The cherub wields a +0 shortbow.
The cherub shoots an arrow.
You block the arrow.
An angel comes into view. It is wielding a +1 whip of holy wrath.
You gain 2 HP, and have [228/230] HP HP restored.
The daeva hits you but does no damage. You block the daeva's attack.
You climb upwards.
There is a stone staircase leading down here.
HP Full. (230)
Okay, then.
A red devil comes into view. It is wielding a +0 trident.
You block the red devil's attack. You block the red devil's attack.
You slice the red devil!!
The red devil is almost dead.
An ice devil comes into view.
You hit the red devil.
You kill the red devil!
With your torch unlit, their soul goes wasted...
Your tin of tremorstones (1/2) has regained one charge.
You see here a +0 trident.
Your spectral red devil hits the ice devil!
You block the ice devil's attack.
You closely miss the ice devil.
The ice devil is lightly wounded.
You slice the ice devil!! You burn the ice devil!
You kill the ice devil!
With your torch unlit, their soul goes wasted...
A black mist starts to gather...
There is an open door here.
There is an open door here.
There is an open door here.
There is a staircase leading out of the dungeon here.
You can't go down here!
Unknown command.
You have escaped!

.### #..#####..#### #. ...#
#..........# #. .#.#
#.#####..#'# #. .#.## #.#
#..#.# #. .#..#
#.#####..#'# #.
.##.###........#.# #.
.##......>....##Z## #.
.##############.Z.#########
#. .# #.'.'.'.@.'.'.'...#
#. .#
######.#####...#######.# #.
.# #..........##'## #.# #.
.# #.#....###.##.# #.# #.
.# #.#..>.# #.##'# #.# #.
.# #.#....# #.##.# #.# #.
'###.###### #.##'#
#.######. .....# #.##.####
#........ .....# #.......#
#.######.


You could see a friendly spectral red devil and a friendly spectral ice devil.

Vanquished Creatures
  4 dread liches
  2 orbs of fire
  An ancient lich (Zot:5)
  A juggernaut (Depths:2)
  Sojobo (Vaults:5)
  Josephina (Zot:3)
  3 Killer Klowns
  The ghost of tls9540 the Skinwalker, a veteran DrSh of Jiyva (Depths:2)
  A curse toe (Zot:3)
  10 golden dragons
  Jory (Vaults:4)
  A bone dragon (Zot:3)
  2 electric golems (Zot:5)
  15 tentacled monstrosities
  Rupert (Lair:3)
  A lich (Depths:3)
  12 Orb Guardians
  2 deep elf blademasters (Elf:3)
  A walking earthen tome (Depths:3)
  3 quicksilver dragons
  2 deep elf master archers (Elf:3)
  4 titans (Vaults:5)
  6 sphinxes
  A walking frostbound tome (Depths:2)
  5 death cobs
  12 storm dragons
  The ghost of Kogrus the Covert, an adept GnWn of Uskayaw (Shoals:1)
  3 tengu reavers
  8 shadow dragons
  3 draconian monks
  2 draconian knights (Depths:4)
  Roxanne (D:15)
  4 protean progenitors
  2 emperor scorpions
  A draconian shifter (Zot:5)
  6 fire giants
  5 iron dragons
  3 draconian scorchers
  5 frost giants
  13 vault wardens
  5 deep elf sorcerers
  7 ghost moths
  4 spriggan defenders
  A deep elf elementalist (Elf:3)
  2 draconian stormcallers
  An orc warlord (Vaults:2)
  A reaper (IceCv)
  15 stone giants
  2 broodmothers
  10 ironbound preservers
  2 ironbound thunderhulks
  11 very ugly things
  3 formless jellyfish
  9 draconian annihilators
  6 vampire knights
  Nessos (D:14)
  6 green draconians
  6 deep elf demonologists
  6 deep elf death magi
  2 minotaurs (Shoals:4)
  5 white draconians
  7 yellow draconians
  8 black draconians
  5 deep elf annihilators
  5 purple draconians
  3 spark wasps
  13 red draconians
  3 war gargoyles
  Azrael (D:14)
  6 dire elephants
  8 ettins
  A merfolk javelineer (Shoals:3)
  9 fire dragons
  A merfolk impaler (Shoals:3)
  3 deep elf high priests
  2 crystal guardians
  Fannar (Orc:1)
  17 yaktaur captains
  28 vault guards
  6 entropy weavers
  A great orb of eyes (Vaults:1)
  3 rakshasas
  2 peacekeepers
  6 spriggan air magi
  2 ogre magi (Vaults:5)
  3 hydras
  A merfolk aquamancer (Shoals:2)
  A catoblepas (Lair:2)
  6 centaur warriors
  4 ice dragons
  A two-headed ogre (D:13)
  A death knight (D:13)
  15 dancing weapons
  3 boulder beetles
  2 radroaches
  A death scarab (Spider:1)
  4 deep troll shamans
  10 satyrs
  A deep troll earth mage (Depths:2)
  5 tengu warriors
  2 orc high priests
  5 vampire magi
  A spriggan berserker (Depths:3)
  A thrashing horror (Lair:5)
  4 hell hogs (Zot:1)
  4 hell knights (Depths:3)
  3 demonic crawlers
  An occultist (Depths:3)
  5 sun demons (Depths:1)
  4 pharaoh ants
  12 deep elf knights
  A skeletal warrior (D:11)
  11 orb spiders
  8 iron trolls
  3 flayed ghosts
  4 skysharks
  A sixfirhy (Depths:2)
  A swamp dragon (Zot:3)
  15 deep elf archers
  41 deep trolls
  11 arcanists
  2 glowing orange brains
  6 sea snakes
  2 steelbarb worms
  Pikel (D:5)
  6 phantasmal warriors
  3 lindwurms
  A tengu zombie (Vaults:2)
  19 ironbound convokers
  A thermic dynamo (Elf:3)
  18 deep elf zephyrmancers
  6 spectral humans (Vaults:5)
  5 orc knights
  17 deep elf pyromancers
  6 harpies
  5 necromancers
  9 wolf spiders
  A wolf spider (shapeshifter) (Vaults:5)
  5 cyclopes
  A salamander (Depths:1)
  7 fauns
  42 ugly things
  A cyclops (shapeshifter) (Depths:1)
  4 orc sorcerers
  A human zombie (Vaults:4)
  A mana viper (shapeshifter) (Depths:2)
  Maurice (D:8)
  9 manticores
  A shining eye (Depths:1)
  3 water nymphs
  A faun (shapeshifter) (Vaults:5)
  10 elephants (Lair:5)
  2 meliai
  23 moths of wrath
  Joseph (D:7)
  16 vault sentinels
  4 black mambas
  A fire giant skeleton (Vaults:2)
  A large abomination (Lair:5)
  2 ice statues (IceCv)
  An eye of devastation (Depths:1)
  A merfolk siren (Shoals:4)
  An orange demon (Depths:4)
  2 smoke demons (Lair:5)
  2 storm dragon simulacra (Zot:3)
  7 cane toads
  5 torpor snails
  Jeremiah (D:8)
  A gargoyle (D:12)
  An unseen horror (D:12)
  Maggie (D:8)
  A yaktaur zombie (Vaults:2)
  5 kobold demonologists
  7 komodo dragons
  2 freezing wraiths
  36 yaktaurs
  A red devil (D:1)
  7 ice devils
  4 rime drakes
  3 tengu conjurers
  5 trolls
  Prince Ribbit (D:7)
  A shadow dragon simulacrum (Zot:3)
  A merfolk (shapeshifter) (Depths:2)
  3 polar bears
  3 wind drakes
  18 tarantellas
  11 merfolk
  A hornet (shapeshifter) (Depths:3)
  3 hornets
  12 blink frogs
  3 glass eyes
  7 snapping turtles
  2 raiju (Lair:5)
  17 jumping spiders
  15 slime creatures
  3 air elementals (Elf:1)
  4 dream sheep
  17 culicivoras
  A snapping turtle (shapeshifter) (Vaults:5)
  3 shadows
  3 ynoxinuls (Lair:5)
  2 spriggans (shapeshifter)
  4 wyverns
  2 wraiths
  9 water elementals
  A vampire (Depths:1)
  21 yaks
  2 fire bats (Depths:1)
  A spriggan (Depths:2)
  4 elf zombies
  6 fire elementals
  9 basilisks
  A warg (Orc:1)
  32 redbacks
  2 chaos spawn
  4 acid dragons
  A harpy simulacrum (IceCv)
  A naga (shapeshifter) (D:14)
  A hydra simulacrum (IceCv)
  A water moccasin (shapeshifter) (Lair:5)
  12 water moccasins
  A hell hound (D:14)
  A moth of wrath simulacrum (Zot:3)
  21 orc warriors
  3 ice beasts (D:7)
  4 sky beasts
  4 black bears
  7 ogres
  12 small abominations (Lair:5)
  A boggart (Depths:2)
  A human skeleton (Vaults:2)
  4 wolves (Lair:1)
  10 centaurs
  3 phantoms
  2 lemures
  5 kobold brigands
  A gnoll sergeant (D:9)
  9 bullfrogs
  5 elf skeletons
  2 two-headed ogre simulacra (IceCv)
  An earth elemental (Elf:3)
  2 scorpions
  A cane toad simulacrum (IceCv)
  5 wights
  5 killer bees (D:7)
  An electric eel (Spider:2)
  A howler monkey (D:12)
  A bombardier beetle (D:6)
  A hound (D:5)
  3 jellies
  3 centaur zombies (Ossuary)
  10 orc priests
  2 iguanas
  Ijyb (D:5)
  Terence (D:2)
  17 orc wizards
  3 sleepcaps
  3 polar bear simulacra (IceCv)
  6 hell rats
  A spriggan simulacrum (IceCv)
  3 wolf simulacra (IceCv)
  12 hound zombies (Ossuary)
  2 mummies (Ossuary)
  4 gnolls (D:9)
  5 adders
  A naga simulacrum (IceCv)
  4 river rats (Lair:4)
  2 shadow imps
  2 white imps (IceCv)
  6 ufetubi
  6 adder zombies (Ossuary)
  3 ribbon worms
  5 dart slugs
  59 orcs
  6 endoplasms
  6 giant cockroaches
  4 gnoll zombies (Ossuary)
  4 goblins
  4 hobgoblins
  2 jackals (D:4)
  3 quokkas
  4 ball pythons
  4 bats (D:1)
  A frilled lizard (D:1)
  5 jackal zombies (Ossuary)
  14 kobolds
  A kobold zombie (Ossuary)
  An orc skeleton (D:7)
  8 orc zombies
  8 rats
  An aspiring flesh (Zot:3)
1531 creatures vanquished.

Vanquished Creatures (collateral kills)
  An ancient lich (Zot:5)
  A dread lich (Zot:5)
  4 orbs of fire
  4 Killer Klowns (Zot:5)
  Saint Roka (Vaults:5)
  A curse toe (Zot:4)
  A caustic shrike (Depths:3)
  5 golden dragons
  An electric golem (Zot:5)
  10 tentacled monstrosities
  13 Orb Guardians (Zot:5)
  2 titans (Vaults:5)
  A kraken (Shoals:3)
  3 death cobs
  A quicksilver dragon (Zot:1)
  A sphinx (Vaults:1)
  3 tengu reavers
  4 shadow dragons
  A protean progenitor (Zot:3)
  A deep elf sorcerer (Vaults:5)
  2 draconian monks
  4 storm dragons
  2 fire giants (Depths:4)
  A draconian knight (Zot:4)
  An iron dragon (Depths:3)
  3 ghost moths
  2 frost giants (Depths:2)
  3 draconian scorchers
  2 emperor scorpions (Spider:4)
  5 vault wardens (Vaults:5)
  A broodmother (Spider:3)
  A very ugly thing (Depths:2)
  A draconian annihilator (Zot:4)
  7 stone giants
  A draconian stormcaller (Zot:3)
  2 ironbound preservers
  5 ironbound thunderhulks
  3 deep elf demonologists
  2 green draconians
  8 black draconians
  3 purple draconians
  5 deep elf death magi
  5 dire elephants
  4 deep elf annihilators
  3 yellow draconians
  2 war gargoyles (Vaults:3)
  4 red draconians
  A spark wasp (Spider:4)
  3 white draconians
  A crystal guardian (Vaults:3)
  7 fire dragons
  5 ettins
  2 entropy weavers
  A deep elf high priest (Elf:1)
  A merfolk impaler (Shoals:3)
  A great orb of eyes (Depths:1)
  8 yaktaur captains
  A rakshasa (Depths:2)
  3 vault guards
  2 spriggan air magi
  2 hydras
  Erolcha (Orc:2)
  A hell beast (Depths:1)
  2 merfolk avatars
  A jorogumo (Spider:2)
  A peacekeeper (Vaults:3)
  2 boulder beetles
  3 deep troll shamans
  3 satyrs (Shoals:4)
  15 dancing weapons
  A radroach (Spider:1)
  5 centaur warriors
  3 ironbound frosthearts
  3 tengu warriors
  3 deep troll earth magi
  2 demonic crawlers
  2 two-headed ogres (D:13)
  An orc high priest (Vaults:5)
  2 hell knights
  A thrashing horror (Lair:5)
  4 sun demons (Depths:1)
  2 occultists (Depths:3)
  3 iron trolls
  3 skysharks
  8 deep elf knights
  A sea snake (Shoals:4)
  4 pharaoh ants
  6 skeletal warriors
  8 orb spiders
  2 glowing orange brains (Depths:4)
  2 sun moths
  A swamp dragon (Zot:3)
  5 deep elf archers
  10 deep trolls
  A phantasmal warrior (Vaults:5)
  6 ironbound convokers
  2 steelbarb worms
  An arcanist (D:13)
  5 orc knights
  2 lindwurms
  7 harpies
  15 deep elf zephyrmancers
  13 wolf spiders
  12 deep elf pyromancers
  A shining eye (Depths:1)
  2 necromancers (Depths:3)
  6 fauns
  14 manticores
  10 ugly things
  3 kobold blastminers (Orc:2)
  6 cyclopes
  11 moths of wrath
  6 merfolk sirens
  A meliai (shapeshifter) (Vaults:5)
  A frost giant skeleton (Vaults:4)
  6 elephants (Lair:5)
  3 black mambas
  A black mamba (shapeshifter) (D:14)
  6 cane toads
  A gargoyle (D:12)
  3 torpor snails
  3 vault sentinels
  A water nymph (Shoals:3)
  2 freezing wraiths
  A komodo dragon (Lair:5)
  An ice devil (IceCv)
  3 tengu conjurers
  15 yaktaurs
  2 hornets
  13 merfolk
  2 trolls
  3 wind drakes
  17 jumping spiders
  14 tarantellas
  12 blink frogs
  2 glass eyes
  9 snapping turtles
  13 dream sheep
  4 slime creatures
  A harpy (shapeshifter) (Depths:2)
  10 culicivoras
  6 water elementals
  A shadow (D:12)
  An air elemental (Elf:1)
  2 spriggans
  3 wyverns
  15 yaks
  A fire elemental (D:14)
  2 fire bats (Depths:1)
  24 redbacks
  A redback (shapeshifter) (Vaults:5)
  2 basilisks
  A swamp worm (shapeshifter) (Vaults:5)
  7 water moccasins
  An acid dragon (D:10)
  3 hell hounds (D:14)
  9 orc warriors
  A small abomination (Lair:5)
  A boggart (Depths:2)
  6 centaurs
  3 wolves (Lair:1)
  A kobold brigand (D:11)
  9 bullfrogs
  2 wights (D:10)
  A howler monkey (D:12)
  An electric eel (Lair:4)
  6 orc priests
  3 jellies (Lair:5)
  4 orc wizards
  2 hell rats
  A troll simulacrum (IceCv)
  2 river rats (Lair:4)
  A white imp (IceCv)
  11 orcs
  4 kobolds
  An aspiring flesh (Zot:3)
  2 tentacles (Shoals:3)
704 creatures vanquished.

Vanquished Creatures (others)
  A spectral draconian (Zot:5)
  A golden dragon (Zot:2)
  An Orb Guardian (Zot:5)
  A spectral storm dragon (Zot:3)
  A draconian knight (Zot:5)
  8 spectral tentacled monstrosities
  A spectral titan (Vaults:5)
  3 Killer Klown zombies (Zot:5)
  A red draconian (Zot:2)
  2 very ugly thing zombies (Depths:2)
  A spectral elf (Elf:1)
  6 spectral humans
  A sphinx zombie (Vaults:1)
  13 Orb Guardian zombies (Zot:5)
  2 spectral protean progenitors (Zot:3)
  2 storm dragon zombies
  A spectral hydra (Lair:5)
  2 deep elf archers
  3 spark wasp zombies
  A ghost moth zombie (Zot:4)
  2 deep elf zephyrmancers (Elf:3)
  5 shadow dragon zombies
  6 wolf spider zombies
  9 ugly thing zombies
  2 draconian zombies
  3 fire giant zombies
  5 stone giant zombies
  A frost giant zombie (Vaults:5)
  A dire elephant zombie (Vaults:2)
  2 moths of wrath (Zot:1)
  A vault sentinel (Vaults:5)
  A spectral orc (Shoals:4)
  3 spectral rakshasas
  4 black draconian zombies
  4 green draconian zombies
  A minotaur zombie (Shoals:4)
  4 yellow draconian zombies
  A swamp worm zombie (Vaults:5)
  4 red draconian zombies
  2 purple draconian zombies
  2 sea snake zombies
  2 spectral sun demons (Depths:1)
  3 orb spider zombies
  7 redback zombies
  4 iron troll zombies
  A hydra zombie (D:14)
  8 harpy zombies
  7 moth of wrath zombies
  5 jumping spider zombies
  6 ettin zombies
  A meliai zombie (Vaults:5)
  6 satyr zombies (Shoals:4)
  6 culicivora zombies
  A glass eye (Elf:3)
  4 fire dragon zombies
  4 tarantella zombies
  A black mamba zombie (Lair:5)
  4 slime creature zombies (Vaults:1)
  A wind drake zombie (Shoals:4)
  6 spectral ice devils (IceCv)
  A redback (Spider:2)
  2 faun zombies
  16 deep troll zombies
  A hell hound (D:14)
  A hornet zombie (Depths:3)
  A cane toad zombie (Lair:4)
  2 dream sheep zombies (Zot:3)
  A lindwurm zombie (Vaults:3)
  2 snapping turtle zombies (Zot:3)
  6 blink frog zombies (Lair:5)
  4 elephant zombies (Lair:5)
  7 merfolk zombies
  6 manticore zombies (Shoals:4)
  44 elf zombies
  A torpor snail zombie (Zot:3)
  24 human zombies
  A spectral chaos spawn (Lair:5)
  A spectral ynoxinul (Lair:5)
  16 yaktaur zombies
  4 hell hound zombies (D:14)
  A water moccasin zombie (Lair:5)
  6 spriggan zombies
  A tengu zombie (Depths:2)
  2 yak zombies
  3 bullfrog zombies
  7 centaur zombies
  2 basilisk zombies (Lair:5)
  4 kobold zombies (D:14)
  2 orc wizards
  An acid dragon zombie (Zot:3)
  2 ogre zombies (Orc:2)
  A hell rat zombie (Lair:5)
  4 jelly zombies (Lair:5)
  A spectral white imp (IceCv)
  An orc (Orc:2)
  36 orc zombies
  3 spectral ufetubi (IceCv)
  4 tentacles (Shoals:3)
414 creatures vanquished.

Grand Total: 2649 creatures vanquished

Notes
Turn   | Place    | Note
-------+----------+-------------------------------------------
     0 | D:1      | MIFIGHTER the Mountain Dwarf Fighter began the quest for
                  | the Orb.
     0 | D:1      | Reached XP level 1. HP: 19/19 MP: 1/1
    58 | D:1      | You fall into a shaft and drop 1 floor!
   244 | D:2      | Reached skill level 3 in Axes
   411 | D:2      | Found Disi's Weapon Emporium.
   439 | D:2      | Noticed Terence
   453 | D:2      | Killed Terence
   454 | D:2      | Reached skill level 4 in Axes
   454 | D:2      | Reached XP level 2. HP: 15/26 MP: 2/2
   454 | D:2      | Reached XP level 3. HP: 18/31 MP: 3/3
   655 | D:2      | Found a shimmering altar of Xom.
   929 | D:1      | Reached skill level 5 in Axes
  1250 | D:1      | Reached XP level 4. HP: 38/38 MP: 4/4
  1863 | D:3      | Found a transporter.
  1869 | D:3      | Noticed a small abomination
  1879 | D:3      | Found a one-way gate to the infinite horrors of the Abyss.
  1879 | D:3      | Noticed aor's ghost (amateur TrSh)
  1879 | D:3      | Noticed a small abomination
  1884 | D:3      | Found a transporter.
  1932 | D:3      | Found Jbt Feef's Magic Scroll Shop.
  1947 | D:3      | Found a sacrificial altar of Ru.
  1961 | D:3      | Bought a scroll of identify for 24 gold pieces
  1961 | D:3      | Bought a scroll of enchant weapon for 90 gold pieces
  2081 | D:3      | Found an iron altar of Okawaru.
  2081 | D:3      | Found a radiant altar of Vehumet.
  2082 | D:3      | Found a white marble altar of Elyvilon.
  2560 | D:4      | Reached skill level 6 in Axes
  2666 | D:4      | Reached XP level 5. HP: 21/45 MP: 5/5
  2782 | D:4      | Reached skill level 7 in Axes
  3075 | D:4      | Noticed an ogre
  3084 | D:4      | Killed an ogre
  3085 | D:4      | Reached skill level 8 in Axes
  3085 | D:4      | Reached XP level 6. HP: 38/51 MP: 6/6
  3505 | D:5      | Entered Level 5 of the Dungeon
  3542 | D:5      | Reached XP level 7. HP: 55/57 MP: 7/7
  3577 | D:5      | Reached skill level 9 in Axes
  3585 | D:5      | Reached skill level 5 in Shields
  3883 | D:5      | Noticed Ijyb
  3903 | D:5      | Killed Ijyb
  3930 | D:5      | Found a runed translucent door.
  3936 | D:5      | Noticed Lovepenguin's ghost (novice DgFE)
  3950 | D:5      | Reached skill level 10 in Axes
  3950 | D:5      | Reached skill level 1 in Evocations
  3950 | D:5      | Reached XP level 8. HP: 55/63 MP: 8/8
  4289 | D:6      | Noticed Pikel
  4331 | D:5      | Killed Pikel
  4332 | D:5      | Reached skill level 5 in Evocations
  4332 | D:5      | Reached skill level 5 in Fighting
  4605 | D:6      | Found Suschus's Magic Scroll Shop.
  4618 | D:6      | Reached XP level 9. HP: 50/78 MP: 9/9
  4699 | D:6      | Bought a scroll of blinking for 82 gold pieces
  5035 | D:7      | Noticed Prince Ribbit
  5049 | D:7      | Killed Prince Ribbit
  5156 | D:7      | Found a glowing silver altar of Zin.
  5156 | D:7      | Found a hazy altar of Hepliaklqana.
  5161 | D:7      | Noticed a white ugly thing
  5182 | D:7      | Killed a white ugly thing
  5183 | D:7      | Reached skill level 5 in Armour
  5206 | D:7      | Reached skill level 11 in Axes
  5232 | D:7      | Noticed Joseph
  5260 | D:7      | Killed Joseph
  5261 | D:7      | Reached XP level 10. HP: 59/89 MP: 10/10
  5299 | D:7      | Found a sand-covered staircase.
  5309 | D:7      | Reached skill level 1 in Throwing
  5311 | Ossuary  | Entered an ossuary
  5766 | D:7      | Found a staircase to the Ecumenical Temple.
  5799 | Temple   | Entered the Ecumenical Temple
  5824 | Temple   | Became a worshipper of Yredelemnul the Fallen
  6274 | D:8      | Noticed Maggie
  6305 | D:8      | Killed Maggie
  6306 | D:8      | Reached skill level 1 in Invocations
  6399 | D:8      | Noticed Maurice
  6405 | D:8      | Maurice stole 41 gold
  6409 | D:8      | Something stole 31 gold
  6413 | D:8      | Something stole 150 gold
  6417 | D:8      | Killed Maurice
  6557 | D:8      | Noticed Jeremiah
  6568 | D:8      | Killed Jeremiah
  6924 | D:9      | Reached * piety under Yredelemnul
  7280 | D:9      | Found a staircase to the Lair.
  7314 | D:9      | Reached skill level 12 in Axes
  7322 | D:9      | Reached XP level 11. HP: 97/97 MP: 14/14
  7641 | D:10     | Entered Level 10 of the Dungeon
  7716 | D:10     | Learned a level 4 spell: Martyr's Knell
  7742 | D:10     | Reached skill level 5 in Invocations
  7821 | D:10     | Reached skill level 1 in Necromancy
  7825 | D:10     | Reached skill level 1 in Summonings
  8092 | D:10     | Reached skill level 1 in Spellcasting
  8131 | D:10     | Found a staircase to the Orcish Mines.
  8220 | D:11     | Reached ** piety under Yredelemnul
  8248 | D:11     | Noticed a skeletal warrior
  8250 | D:11     | Noticed a skeletal warrior
  8255 | D:11     | Killed a skeletal warrior
  8258 | D:11     | Killed a skeletal warrior
  8259 | D:11     | Reached skill level 10 in Fighting
  8260 | D:11     | Noticed a skeletal warrior
  8267 | D:11     | Killed a skeletal warrior
  8702 | D:12     | Reached XP level 12. HP: 76/106 MP: 16/16
  8877 | D:12     | Identified the +4 war axe "Concordance" {freeze, Str+5}
  9106 | D:12     | Noticed a fire dragon
  9129 | D:12     | Reached skill level 13 in Axes
  9172 | D:12     | Killed a fire dragon
  9173 | D:12     | Reached skill level 10 in Shields
  9601 | Lair:1   | Entered Level 1 of the Lair of Beasts
  9602 | Lair:1   | Identified the +9 hand axe "Imikluxi" {vamp, rF++ rC+
                  | Stlth+}
  9622 | Lair:1   | Reached *** piety under Yredelemnul
  9761 | Lair:1   | Found a frozen archway.
  9914 | IceCv    | Entered an ice cave
 10278 | IceCv    | Reached **** piety under Yredelemnul
 10339 | IceCv    | Reached skill level 5 in Necromancy
 10342 | IceCv    | Noticed a reaper
 10351 | IceCv    | Found the +8 frozen axe "Frostbite" {freeze, freezing
                  | cloud, *Noise Fly rC+}
 10363 | IceCv    | Killed a reaper
 10364 | IceCv    | Reached XP level 13. HP: 22/116 MP: 17/19
 11520 | Lair:2   | Reached skill level 5 in Summonings
 11730 | Lair:2   | Found a staircase to the Shoals.
 11745 | Lair:2   | Identified 4 scrolls of acquirement
 11745 | Lair:2   | Acquired the -1 pair of boots "Xiteomig" {^Drain rPois rC++
                  | rN+++}
 11751 | Lair:2   | Acquired a manual of Armour
 11752 | Lair:2   | Acquired a manual of Evocations
 11753 | Lair:2   | Acquired the +0 tower shield of the Gravedigger {^Drain
                  | rElec rN++}
 11987 | Lair:3   | Identified the +0 robe of Untruth {Str+5}
 12057 | Lair:3   | Found a hole to the Spider Nest.
 12141 | Lair:3   | Reached ***** piety under Yredelemnul
 12350 | Lair:3   | Noticed Rupert
 12363 | Lair:3   | Reached skill level 10 in Armour
 12363 | Lair:3   | Killed Rupert
 12835 | Lair:4   | Reached skill level 14 in Axes
 13268 | Lair:4   | Reached XP level 14. HP: 117/125 MP: 21/21
 13450 | Lair:5   | Entered Level 5 of the Lair of Beasts
 13460 | Lair:5   | Reached skill level 5 in Spellcasting
 13937 | Lair:5   | Found a viscous altar of Jiyva.
 13944 | Lair:5   | Reached ****** piety under Yredelemnul
 13950 | Lair:5   | Found a staircase to the Slime Pits.
 14024 | Lair:5   | Reached skill level 10 in Invocations
 14395 | Lair:5   | Identified the +11 long sword "Trog's Anger" {flame, rN+}
 14487 | Lair:5   | Found a corrupted altar of Lugonu.
 14813 | Lair:5   | Identified the +0 robe of the Gardener {rElec rPois Will-
                  | Regen+}
 15038 | Orc:1    | Entered Level 1 of the Orcish Mines
 15115 | Orc:1    | Found a roughly hewn altar of Beogh.
 15246 | Orc:1    | Noticed Fannar
 15258 | Orc:1    | Killed Fannar
 15480 | Orc:2    | Entered Level 2 of the Orcish Mines
 15488 | Orc:2    | Found a staircase to the Elven Halls.
 15543 | Orc:2    | Noticed Erolcha
 15547 | Orc:2    | Killed Erolcha
 15649 | Orc:2    | Your ally Erolcha died
 15702 | Orc:2    | Found Viboul's Assorted Antiques.
 15702 | Orc:2    | Found Gagu's Book Shop.
 15704 | Orc:2    | Found Xoggeif's Distillery.
 15706 | Orc:2    | Found Poopnav's Book Emporium.
 15710 | Orc:2    | Bought a scroll labelled JEDUXAESE EBI for 32 gold pieces
 15710 | Orc:2    | Bought a scroll labelled KIENIBBIFA for 32 gold pieces
 15713 | Orc:2    | Bought a potion of berserk rage for 65 gold pieces
 15713 | Orc:2    | Bought a potion of mutation for 104 gold pieces
 15713 | Orc:2    | Bought a potion of curing for 39 gold pieces
 15713 | Orc:2    | Bought a potion of curing for 39 gold pieces
 15713 | Orc:2    | Bought a potion of curing for 39 gold pieces
 15718 | Orc:2    | Bought a manual of Axes for 960 gold pieces
 15730 | Orc:2    | Reached XP level 15. HP: 98/134 MP: 22/24
 15888 | Orc:2    | Noticed Urug
 15897 | Orc:2    | Killed Urug
 15897 | Orc:2    | Bound Urug
 16037 | Orc:2    | Found a roughly hewn altar of Beogh.
 16750 | D:13     | Reached skill level 15 in Axes
 17031 | D:13     | Found Iqemeyka's Jewellery Shoppe.
 17119 | D:13     | Bought the ring of Vikeruf {rCorr SInv Stlth+} for 442 gold
                  | pieces
 17224 | D:13     | Found a gate to the Vaults.
 17383 | D:14     | Noticed Azrael
 17394 | D:14     | Killed Azrael
 17454 | D:14     | Noticed Nessos
 17464 | D:14     | Killed Nessos
 17936 | D:14     | Acquired the ring "Luass" {rCorr AC+4 Dex+2}
 18083 | D:14     | Got Ymmal's Atlas of Blinking Scree
 18132 | D:15     | Entered Level 15 of the Dungeon
 18189 | D:15     | Reached skill level 16 in Axes
 18275 | D:15     | Found a runed translucent gate.
 18275 | D:15     | Found a runed translucent gate.
 18275 | D:15     | Found a runed translucent gate.
 18277 | D:15     | Noticed Bareniuwn's ghost (journeyman DECj)
 18277 | D:15     | Noticed a tengu reaver
 18278 | D:15     | Found an opulent altar of Gozag.
 18281 | D:15     | Found Lonleahebb's Assorted Antiques.
 18397 | D:15     | Found a staircase to the Depths.
 18675 | D:15     | Noticed Roxanne
 18688 | D:15     | Killed Roxanne
 19002 | Spider:1 | Entered Level 1 of the Spider Nest
 19037 | Spider:1 | Found the +1 cloak of Starlight {*Dazzle EV+4 Stlth--}
 19071 | Spider:1 | Reached XP level 16. HP: 144/144 MP: 25/25
 19416 | Spider:1 | Reached skill level 17 in Axes
 20037 | Spider:2 | Reached skill level 15 in Armour
 20807 | Spider:3 | Reached skill level 18 in Axes
 20867 | Spider:3 | Reached skill level 10 in Evocations
 21354 | Spider:3 | Reached XP level 17. HP: 141/154 MP: 27/27
 21572 | Spider:4 | Entered Level 4 of the Spider Nest
 22418 | Spider:4 | Reached skill level 10 in Necromancy
 22762 | Spider:4 | Found the +0 mask of the Dragon {Will+ Slay+3 SInv}
 22798 | Spider:4 | Got a gossamer rune of Zot
 23135 | Shoals:1 | Entered Level 1 of the Shoals
 23150 | Shoals:1 | Reached skill level 19 in Axes
 23326 | Shoals:1 | Found a runed translucent gate.
 23326 | Shoals:1 | Found a runed translucent gate.
 23327 | Shoals:1 | Found a runed translucent gate.
 23330 | Shoals:1 | Noticed Kogrus's ghost (adept GnWn)
 23715 | Shoals:1 | Reached skill level 15 in Fighting
 23718 | Shoals:1 | Killed Kogrus's ghost
 23730 | Shoals:1 | Identified the +3 leather armour "Kebysaas" {+Inv Dex+3
                  | Slay+3}
 23731 | Shoals:1 | Identified the ring of the Magpie {Slay+2 SInv}
 23843 | Shoals:2 | You fall into a shaft and drop 1 floor!
 24001 | Shoals:2 | Found Deqabig's Jewellery Shop.
 24187 | Shoals:2 | Identified the +4 short sword "Ikaschus" {protect, Int+4}
 25165 | Shoals:3 | Reached XP level 18. HP: 76/163 MP: 27/29
 25579 | Shoals:4 | Entered Level 4 of the Shoals
 25857 | Shoals:4 | Your ally Urug died
 25860 | Shoals:4 | Reached skill level 15 in Invocations
 25879 | Shoals:4 | Reached skill level 20 in Axes
 26147 | Shoals:4 | Reached skill level 15 in Shields
 26172 | Shoals:4 | Got a barnacled rune of Zot
 26568 | Elf:1    | Entered Level 1 of the Elven Halls
 26571 | Elf:1    | Paralysed by an air elemental for 1 turns
 26575 | Elf:1    | Paralysed by an air elemental for 1 turns
 26867 | Elf:1    | Got the Encyclopedia of the Retinue
 27197 | Elf:1    | Identified the +3 kite shield of Failure {-Cast Harm Dex+3
                  | Stlth+}
 27197 | Elf:1    | Noticed Donald
 27207 | Elf:1    | Killed Donald
 27207 | Elf:1    | Bound Donald
 27271 | Elf:1    | Found Halez's Vocational Training.
 27283 | Elf:1    | Found Aneulagi's Assorted Antiques.
 27931 | Elf:2    | Reached skill level 10 in Summonings
 28024 | Elf:2    | Noticed an Ice Fiend
 28056 | Elf:2    | Noticed an Ice Fiend
 28057 | Elf:2    | Reached XP level 19. HP: 126/172 MP: 30/30
 28058 | Elf:2    | Noticed a Tzitzimitl
 28208 | Elf:2    | Found Xoan's Distillery.
 28214 | Elf:2    | Bought a potion of heal wounds for 90 gold pieces
 28214 | Elf:2    | Bought a potion of haste for 180 gold pieces
 28214 | Elf:2    | Bought a potion of might for 72 gold pieces
 28214 | Elf:2    | Bought a potion of haste for 180 gold pieces
 28214 | Elf:2    | Bought 2 potions of curing for 108 gold pieces
 28214 | Elf:2    | Bought a potion of curing for 54 gold pieces
 28214 | Elf:2    | Bought a potion of berserk rage for 90 gold pieces
 28223 | Elf:2    | Identified the +2 scale mail "Tyase" {Regen+ MP+9 Str+3
                  | Dex+4}
 28474 | Elf:2    | Found a runed translucent gate.
 28474 | Elf:2    | Found a runed translucent gate.
 28474 | Elf:2    | Found a runed translucent gate.
 29393 | Elf:3    | Entered Level 3 of the Elven Halls
 29573 | Elf:3    | Reached skill level 21 in Axes
 29971 | Elf:3    | Noticed a Tzitzimitl
 29979 | Elf:3    | Noticed a Tzitzimitl
 29981 | Elf:3    | Noticed a Brimstone Fiend
 29985 | Elf:3    | Identified the ring of Eril {rPois rF+ Int+2 Dex+3}
 29985 | Elf:3    | Your ally Donald died
 30439 | Elf:3    | Found the ring of the Mage {Wiz Archmagi}
 30519 | Elf:3    | Identified the +4 flail of Eleow {heavy, rF- Will+ Str+2
                  | Dex+3}
 30546 | Elf:3    | Identified the ring of Fyreask {rC+ rN+ Int+3}
 30931 | Vaults:1 | Entered Level 1 of the Vaults
 31230 | Vaults:1 | Reached XP level 20. HP: 170/184 MP: 29/32
 32182 | Vaults:1 | Identified the +5 battleaxe "Ipsodu" {speed, *Slow rN++
                  | Dex+4}
 32237 | Vaults:2 | Found Zuiq's Antique Weapon Boutique.
 32663 | Vaults:2 | Reached skill level 1 in Dodging
 32803 | Vaults:2 | Found a staircase to the Crypt.
 33480 | Vaults:3 | Reached skill level 22 in Axes
 33646 | Vaults:3 | Found Inuqorch's Weapon Shop.
 33646 | Vaults:3 | Found Zeymim's Magic Scroll Shop.
 33647 | Vaults:3 | Found Gihar's Antique Armour Shop.
 33741 | Vaults:3 | Bought a scroll of teleportation for 57 gold pieces
 33741 | Vaults:3 | Bought a scroll of fog for 76 gold pieces
 33864 | Vaults:3 | Bought a heavily runed plate armour for 868 gold pieces
 33864 | Vaults:3 | Identified the +5 plate armour of the Wilderness {rPois
                  | Int+2} (You bought it in a shop on level 3 of the Vaults)
 34397 | Vaults:3 | Reached XP level 21. HP: 192/195 MP: 34/34
 34597 | Vaults:3 | Reached skill level 5 in Dodging
 35109 | Vaults:4 | Found Feseph's Armour Emporium.
 35303 | Vaults:4 | Noticed Jory
 35319 | Vaults:4 | Killed Jory
 35546 | Vaults:4 | Found Ifran's Antique Armour Shop.
 36124 | Vaults:4 | Found Eficer's Antique Armour Shop.
 36218 | Vaults:5 | Entered Level 5 of the Vaults
 36264 | Vaults:5 | Noticed Saint Roka
 36273 | Vaults:5 | Reached skill level 23 in Axes
 36277 | Vaults:5 | Noticed a dread lich
 36278 | Vaults:5 | Reached XP level 22. HP: 122/209 MP: 1/35
 36599 | Depths:1 | Entered Level 1 of the Depths
 37053 | Depths:1 | Found a gateway to Hell.
 37363 | Depths:1 | Found Elonetok's Blood Bar.
 37440 | Depths:1 | Gained mutation: You have a pair of small horns on your
                  | head. [potion of mutation]
 37440 | Depths:1 | Gained mutation: You are partially covered in iridescent
                  | scales. (AC +2) [potion of mutation]
 37440 | Depths:1 | Gained mutation: You are frail. (-10% HP) [potion of
                  | mutation]
 37441 | Depths:1 | Lost mutation: You are frail. (-10% HP) [potion of
                  | mutation]
 37441 | Depths:1 | Lost mutation: You are partially covered in iridescent
                  | scales. (AC +2) [potion of mutation]
 37441 | Depths:1 | Lost mutation: You have a pair of small horns on your head.
                  | [potion of mutation]
 37441 | Depths:1 | Gained mutation: Your muscles are strong. (Str +4, Int/Dex
                  | -1) [potion of mutation]
 37441 | Depths:1 | Gained mutation: Your body sometimes deteriorates upon
                  | taking damage. [potion of mutation]
 37441 | Depths:1 | Gained mutation: You are agile. (Dex +4, Str/Int -1)
                  | [potion of mutation]
 39040 | Depths:2 | Found a one-way gate leading to the halls of Pandemonium.
 39198 | Depths:2 | Found a runed translucent gate.
 39198 | Depths:2 | Found a runed translucent gate.
 39198 | Depths:2 | Found a runed translucent gate.
 39201 | Depths:2 | Noticed tls9540's ghost (veteran DrSh)
 39650 | Depths:2 | Identified the amulet "Eraqi" {rPois RegenMP+}
 39684 | Depths:2 | Noticed a juggernaut
 39693 | Depths:2 | Killed a juggernaut
 39782 | Depths:2 | Got the Vademecum on Vexatious Adjuration
 39958 | Depths:2 | Reached XP level 23. HP: 158/221 MP: 33/37
 39989 | Depths:2 | Killed tls9540's ghost
 40001 | Depths:2 | Identified the +1 hat "Sofeg" {Str+2 Dex+3}
 40199 | Depths:3 | Reached skill level 24 in Axes
 40526 | Depths:3 | Identified the +3 long sword of Ovaarhad {freeze, Fly rElec
                  | Str-3 Int+4}
 40798 | Depths:3 | Noticed a caustic shrike
 40805 | Depths:3 | Killed a caustic shrike
 41002 | Depths:4 | Entered Level 4 of the Depths
 41098 | Depths:4 | Found a one-way gateway to a ziggurat.
 41166 | Depths:4 | Found a glowing golden altar of the Shining One.
 41745 | Depths:4 | Found a gate to the Realm of Zot.
 41987 | Vaults:5 | Noticed Bai Suzhen
 42000 | Vaults:5 | Killed Bai Suzhen
 42000 | Vaults:5 | Bound Bai Suzhen
 42092 | Vaults:5 | Identified the +1 cloak "Raoschar" {rF++ rC+ Regen+ Stlth-}
 42108 | Vaults:5 | Got a silver rune of Zot
 42205 | Vaults:5 | Reached skill level 25 in Axes
 42213 | Vaults:5 | Identified the +2 robe of the Monk {Str+4 Dex+3}
 42217 | Vaults:5 | Identified the staff of Cunigat {rPois rN+++ Dex-5 Conj
                  | Alchemy}
 42224 | Vaults:5 | Identified the ring "Fico" {rPois rC- rN+ Str+6 Int+2}
 42253 | Vaults:5 | Killed Saint Roka
 42273 | Vaults:5 | Killed a dread lich
 42276 | Vaults:5 | Noticed Sojobo
 42279 | Vaults:5 | Your ally Saint Roka died
 42280 | Vaults:5 | Paralysed by an air elemental for 1 turns
 42282 | Vaults:5 | Paralysed by an air elemental for 1 turns
 42297 | Vaults:5 | Killed Sojobo
 42447 | Vaults:5 | Identified the +0 scale mail of the Ego {Will+}
 42702 | Vaults:5 | Found Uclup's General Store.
 42736 | Vaults:5 | Bought a scroll of teleportation for 42 gold pieces
 43391 | Zot:1    | Entered Level 1 of the Realm of Zot
 43507 | Zot:1    | Reached XP level 24. HP: 233/233 MP: 38/38
 43534 | Zot:1    | You fall into a shaft and drop 1 floor!
 43537 | Zot:2    | Noticed an orb of fire
 43538 | Zot:2    | Gained mutation: Your body often deteriorates upon taking
                  | damage. [an orb of fire]
 44098 | Zot:1    | Noticed an orb of fire
 44104 | Zot:1    | Gained mutation: You occasionally shout uncontrollably at
                  | your foes. [an orb of fire]
 44107 | Zot:1    | Gained mutation: You are dopey. (Int -2) [an orb of fire]
 44108 | Zot:1    | Gained mutation: You occasionally lose the ability to read
                  | scrolls when taking damage. [an orb of fire]
 44110 | Zot:1    | Killed an orb of fire
 44336 | Zot:2    | Gained mutation: You do not regenerate when monsters are
                  | visible. [an orb of fire]
 44342 | Zot:2    | Killed an orb of fire
 44392 | Zot:2    | Found the +18 Lear's hauberk
 44488 | Zot:2    | Reached skill level 26 in Axes
 45398 | Zot:3    | Identified the ring of Springtime {Ice Int+3}
 45398 | Zot:3    | Noticed Josephina
 45418 | Zot:3    | Killed Josephina
 45644 | Zot:3    | Lost mutation: You are agile. (Dex +4, Str/Int -1) [potion
                  | of mutation]
 45644 | Zot:3    | Lost mutation: You are dopey. (Int -2) [potion of mutation]
 45644 | Zot:3    | Lost mutation: You do not regenerate when monsters are
                  | visible. [potion of mutation]
 45644 | Zot:3    | Gained mutation: You are partially covered in large bone
                  | plates. (SH +4) [potion of mutation]
 45644 | Zot:3    | Gained mutation: Your mind is acute. (Int +4, Str/Dex -1)
                  | [potion of mutation]
 46065 | Zot:3    | Reached skill level 27 in Axes
 46314 | Zot:3    | Found the +4 dragonskin cloak {Aegis}
 46314 | Zot:3    | Noticed Tiamat
 46318 | Zot:3    | Reached XP level 25. HP: 210/243 MP: 38/38
 46331 | Zot:3    | Your ally Bai Suzhen died
 46363 | Zot:3    | Killed Tiamat
 46363 | Zot:3    | Bound Tiamat
 46424 | Zot:3    | Identified the ring of Damoegiamo {rF- rN+ rCorr Int+4
                  | Dex+3}
 46544 | Zot:3    | Identified the +5 hand axe "Lael" {antimagic, +Blink rElec
                  | rF++ Int-3}
 47054 | Zot:4    | Noticed a Killer Klown
 47066 | Zot:4    | Killed a Killer Klown
 47633 | Zot:5    | Entered Level 5 of the Realm of Zot
 47814 | Zot:5    | Noticed a Killer Klown
 47816 | Zot:5    | Noticed a dread lich
 47816 | Zot:5    | Noticed an orb of fire
 47829 | Zot:5    | Killed a Killer Klown
 47835 | Zot:5    | Killed an orb of fire
 47846 | Zot:5    | Killed a dread lich
 47852 | Zot:5    | Noticed a Killer Klown
 47859 | Zot:5    | Noticed a Killer Klown
 47863 | Zot:5    | Killed a Killer Klown
 47863 | Zot:5    | Noticed an orb of fire
 47869 | Zot:5    | Noticed an ancient lich
 47870 | Zot:5    | Noticed an orb of fire
 47878 | Zot:5    | Killed an orb of fire
 47910 | Zot:5    | Killed an orb of fire
 47971 | Zot:5    | Noticed a Killer Klown
 47971 | Zot:5    | Noticed an ancient lich
 47971 | Zot:5    | Noticed a dread lich
 47972 | Zot:5    | Noticed a dread lich
 47972 | Zot:5    | Noticed a Killer Klown
 47976 | Zot:5    | Noticed an orb of fire
 47976 | Zot:5    | Noticed a Killer Klown
 47988 | Zot:5    | Noticed a dread lich
 48007 | Zot:5    | Killed an ancient lich
 48023 | Zot:5    | Your ally Tiamat died
 48055 | Zot:5    | Killed a Killer Klown
 48058 | Zot:5    | Killed a Killer Klown
 48062 | Zot:5    | Killed a Killer Klown
 48087 | Zot:5    | Killed a Killer Klown
 48151 | Zot:5    | Gained mutation: You are frail. (-10% HP) [an orb of fire]
 48159 | Zot:5    | Killed an orb of fire
 48163 | Zot:5    | Killed a dread lich
 48164 | Zot:5    | Reached XP level 26. HP: 198/230 MP: 39/39
 48226 | Zot:5    | Killed a dread lich
 48828 | Zot:5    | Killed a dread lich
 48885 | Zot:5    | Got the Orb of Zot
 48978 | Zot:5    | Killed an ancient lich
 49282 | D:10     | Noticed Ceit the pandemonium lord
 49421 | D:2      | Noticed a seraph
 49464 | D:$      | Escaped with the Orb!

Illustrated notes

Levels and vault maps discovered:
D:1:      minmay_arrival_doors, layout_basic
D:2:      layout_basic, serial_shops, shop, basic_altar, uniq_terence
D:3:      layout_basic, mainiacjoe_overflow_surrounded_room,
          chequers_temple_overflow_statue_of_worship,
          gammafunk_ghost_abyssal_escape, serial_shops, nicolae_shop_peninsula
D:4:      layout_basic, kennysheep_small_spiral, st_stairs_13
D:5:      layout_gridville, ebering_ghost_sewer_d, uniq_ijyb
D:6:      layout_cave_pools, serial_shops, shop, uniq_pikel
D:7:      layout_rooms, jmf_multi_god_temple, minmay_temple_entry_glass,
          nicolae_ossuary_entry_catacombs, nrook_campfire, uniq_prince_ribbit1,
          uniq_joseph
D:8:      layout_rooms, nicolae_figureground_pulse, uniq_jeremiah, uniq_maurice,
          uniq_maggie
D:9:      layout_irregular_city, due_lair_maze_entry_diamond
D:10:     layout_rooms, orc_0_dummy
D:11:     layout_rooms
D:12:     layout_basic, kennysheep_four_rooms
D:13:     layout_roguey, david_vaults_1, serial_shops, shop,
          grunt_decor_resistance
D:14:     layout_cave_pools, evilmike_minifort, uniq_nessos, uniq_azrael
D:15:     hangedman_depths_entry_civil_slaughter, layout_small_grid,
          ebering_ghost_gozag, uniq_roxanne
Temple:   regret_index_temple_sphere_string
Lair:1:   layout_cave_pods, portal_ice_cave_entry_pillars_2,
          beast_lair_carwin_1, grunt_megastairs_5
Lair:2:   layout_hall_layers, mainiacjoe_shoals_entry_four_pools, st_stairs_7
Lair:3:   hellmonk_destroyed_diamonds, layout_cellular_growth,
          spider_nest_entry_webs, uniq_rupert
Lair:4:   layout_big_grid, nicolae_quartered_pool_medium,
          chequers_serial_rivers_room_a, kennysheep_abandoned_house
Lair:5:   hellmonk_lair_end_abyssal_woods, layout_cave_pods,
          nicolae_slime_entry_field_trip
Shoals:1: layout_shoals, gammafunk_ghost_split, wheals_shoals_ruined_temple
Shoals:2: layout_shoals, serial_shops, nicolae_shop_real_fake_doors
Shoals:3: layout_shoals
Shoals:4: shoals_end_hellmonk_lost_city
Spider:1: cheibrodos_spider_silkery, guppyfry_spider_mini_2
Spider:2: layout_spider_delve
Spider:3: layout_cave_pods
Spider:4: grunt_spider_rune_parallel
Orc:1:    layout_caves, basic_altar, uniq_fannar
Orc:2:    st_orc_rangers, layout_diamond_mine, mines2_david, uniq_erolcha,
          uniq_urug
Elf:1:    nicolae_elf_arrival_aired_out, layout_gridlike, serial_shops,
          nicolae_shop_window_shopping, minmay_elf_demonology,
          nicolae_elf_stone_circles, minmay_misc_feat_five, drop_trap,
          nicolae_shop_vocational, lemuel_upstairs_altar, uniq_donald
Elf:2:    elven_hall_of_blades_hangedman_original
          [nicolae_blade_entry_hurt_lockers], layout_gridlike, serial_shops,
          nicolae_shop_industrial_runoff
Elf:3:    grunt_elf_hall_asides, layout_gridlike, onia_ninara_cookie
Vaults:1: nicolae_vaults_closet_pinwheel_4, vaults_dpeg_doors,
          nicolae_vaults_specimen_jars, hangedman_vaults_restitches,
          vaults_dpeg_hooks, nicolae_vaults_sealed_display,
          vaults_room_grunt_arrival_ludios, nicolae_vaults_surprise_closet,
          layout_vaults_omnigrid
Vaults:2: nicolae_vaults_offset_grid_hallway_4, ontoclasm_vaults_chip,
          nicolae_vaults_little_squares_1, minmay_crypt_entry_simple_sparse,
          v_misc_4, nicolae_vaults_octothorpe, nicolae_vaults_theta,
          vaults_room_ringed_pool, grunt_vaults_bifocal, v_misc_15,
          serial_library_hellmonk_reading_circle, vaults_mumra_minichess,
          nicolae_vaults_trapezoid_3, vaults_room_fours, layout_vaults_maze,
          serial_shops, shop
Vaults:3: grunt_vaults_swirl, ontoclasm_vaults_ring_small, vaults_room_boxed,
          nicolae_vaults_storage_closets_1, nicolae_vaults_wine_cellar,
          hangedman_vaults_hard_town_square,
          nicolae_vaults_variable_pillar_hall, nicolae_vaults_what_the_h,
          nicolae_vaults_trapezoid_1, v_misc_27, vaults_room_hallway,
          nicolae_vaults_little_squares_2, nicolae_vaults_bisected_slash,
          layout_vaults_big_cross
Vaults:4: v_misc_2, vaults_room_pool, vaults_room_fancy_cross, v_rooms_6,
          nicolae_vaults_network_square, nicolae_vaults_stairing_the_circle,
          v_misc_9, nicolae_vaults_angled_halls, nicolae_vaults_little_ls,
          v_misc_30, ontoclasm_vaults_hangar, nicolae_vaults_lightning_bolt,
          nicolae_vaults_little_squares_3, nicolae_vaults_tetromino_T_1,
          v_misc_15, layout_vaults_omnibox, serial_shops, shop, shop, shop,
          uniq_jory
Vaults:5: uniq_sojobo, uniq_saint_roka, uniq_bai_suzhen
Depths:1: layout_gridlike, nicolae_hell_entry_hellmouth_sunbeams,
          serial_bayou_pond_e, guppyfry_shop_blood, grunt_megastairs_3
Depths:2: lemuel_traditional_vault, layout_basic, pan_entry,
          infiniplex_staircase_zigzag_4, abyss_entry, hell_entry,
          gammafunk_ghost_tricky_traps
Depths:3: minmay_bad_star, layout_cave_shapes,
          nicolae_abyss_entry_one_way_or_another, hell_entry,
          chequers_serial_rivers_large_a
Depths:4: grunt_zot_entry_gee_three, layout_cave_pools, enter_ziggurat_a,
          nicolae_tso_swordbearing_angel, grunt_hell_entry_dis_mu, abyss_entry
Zot:1:    layout_gridlike, grunt_megastairs_4
Zot:2:    layout_twisted_circle, hangedman_zot_decor_checkerboard,
          grunt_ministairs_3
Zot:3:    layout_basic, regret_index_zot_stipple_split,
          st_grand_hoard_of_tiamat, uniq_josephina
Zot:4:    kennysheep_ambush_hall, layout_misc_corridors
Zot:5:    layout_gridlike

Skill      XL: |  1  2  3  4  5  6  7  8  9 10 11 12 13 14 15 16 17 18 19 20 21 22 23 24 25 26 |
---------------+-------------------------------------------------------------------------------+-----
Axes           | 4 5 6 8 10 11 12 13 14 16 18 19 20 21 22 23 25 27 | 27.0
Shields        | 4 6 7 8 9 10 11 12 13 14 15 16 17 18 19 20 21 22 | 22.8
Evocations     | 1 5 7 9 10 12 13 | 13.0
Fighting       | 6 8 9 10 11 12 13 14 15 16 17 18 20 21 22 23 24 | 24.7
Armour         | 5 7 8 9 10 12 13 15 16 18 19 20 21 22 23 24 | 24.4
Throwing       | 2 |  2.0
Invocations    | 4 6 8 9 10 12 13 14 15 17 18 19 20 22 23 24 25 | 25.2
Necromancy     | 3 5 6 7 9 10 11 | 11.0
Summonings     | 2 4 5 7 8 9 10 11 | 11.0
Spellcasting   | 2 3 4 6 |  6.0
Dodging        | 4 6 |  6.0

Action                     |  1- 3 |  4- 6 |  7- 9 | 10-12 | 13-15 | 16-18 | 19-21 | 22-24 | 25-27 || total
---------------------------+-------+-------+-------+-------+-------+-------+-------+-------+-------++-------
  Melee: War axe           |    78 |   161 |   303 |   250 |       |       |       |       |       ||   792
         Broad axe         |       |       |       |   432 |   770 |   988 |  1030 |  1261 |   452 ||  4933
         Hand axe          |       |       |       |     2 |       |       |       |       |       ||     2
  Throw: Dart              |       |       |       |     2 |     2 |     1 |       |       |       ||     5
   Cast: Martyr's Knell    |       |       |       |       |       |    10 |    11 |    12 |     1 ||    34
 Invoke: Light the Black T |       |       |       |     8 |    10 |     9 |     6 |     6 |     2 ||    41
         Hurl Torchlight   |       |       |       |       |     8 |     6 |     3 |     5 |       ||    22
         Recall Undead Har |       |       |       |       |     7 |     9 |    11 |    24 |     7 ||    58
         Bind Soul         |       |       |       |       |     3 |     2 |     1 |     1 |     1 ||     8
         Fathomless Shackl |       |       |       |       |     2 |     3 |     4 |     2 |     1 ||    12
  Evoke: Wand              |       |       |     6 |     5 |     5 |    10 |     2 |     4 |     1 ||    33
         Phantom mirror    |       |       |       |     2 |     1 |       |     1 |     2 |     1 ||     7
         Phial of floods   |       |       |       |       |     2 |     1 |     1 |     2 |     1 ||     7
         Tin of tremorston |       |       |       |       |       |     1 |     3 |     2 |     2 ||     8
         Sack of spiders   |       |       |       |       |       |       |       |     3 |     1 ||     4
         Lightning rod     |       |       |       |       |       |       |       |     4 |       ||     4
    Use: Potion            |     1 |       |     2 |     4 |     2 |     3 |     4 |    10 |     4 ||    30
         Scroll            |       |     3 |     5 |     9 |    22 |     4 |     6 |     2 |     9 ||    60
   Stab: Distracted        |       |       |       |     7 |    16 |    17 |    18 |    38 |     8 ||   104
         Invisible         |       |       |       |       |       |    10 |    10 |     8 |       ||    28
 Armour: Scale mail        |    20 |       |       |       |       |       |       |       |       ||    20
         Chain mail        |    46 |   155 |    71 |       |    66 |       |       |       |       ||   338
         Ring mail         |       |       |    65 |       |       |       |       |       |       ||    65
         Plate armour      |       |       |   177 |   540 |   676 |   860 |   683 |   920 |   386 ||  4242
  Dodge: Dodged            |    27 |    74 |    77 |   131 |   117 |   292 |   255 |   328 |    74 ||  1375
  Block: Buckler           |    12 |    29 |       |       |       |       |       |       |       ||    41
         Kite shield       |       |    16 |   126 |   322 |    44 |       |       |       |       ||   508
         Tower shield      |       |       |       |       |   713 |  1016 |   889 |  1219 |   431 ||  4268

Table legend: (Time is in decaauts)
 A = Elapsed time spent in this place.
 B = Non-inter-level travel time spent in this place.
 C = Inter-level travel time spent in this place.
 D = Time resting spent in this place.
 E = Time spent auto-exploring this place.
 F = Levels seen in this place.
 G = Mean time per level.
                   A        B        C        D        E       F      G
               +--------+--------+--------+--------+--------+-----+--------+
         Total |  49370 |  45468 |   3902 |    548 |  33101 |  50 |  987.4 |
       Dungeon |  12410 |  10997 |   1413 |     74 |   8144 |  15 |  827.3 |
        Temple |     50 |      1 |     49 |      0 |      0 |   1 |   50.0 |
          Lair |   4967 |   4580 |    387 |      0 |   3342 |   5 |  993.4 |
        Shoals |   3568 |   3372 |    196 |     66 |   2361 |   4 |  892.0 |
   Spider Nest |   4050 |   3849 |    201 |     84 |   2775 |   4 | 1012.5 |
  Orcish Mines |   1615 |   1462 |    153 |      0 |   1182 |   2 |  807.5 |
   Elven Halls |   4087 |   3759 |    328 |     34 |   2800 |   3 | 1362.3 |
        Vaults |   6809 |   6326 |    483 |    124 |   4625 |   5 | 1361.8 |
        Depths |   5251 |   4854 |    397 |      0 |   3743 |   4 | 1312.8 |
           Zot |   5521 |   5228 |    293 |     48 |   3817 |   5 | 1104.2 |
       Ossuary |    383 |    383 |      0 |      0 |    113 |   1 |  383.0 |
      Ice Cave |    655 |    655 |      0 |    118 |    197 |   1 |  655.0 |
               +--------+--------+--------+--------+--------+-----+--------+

Top non-repeatable levels by time:
Depths:2: 2170 daAuts
Vaults:4: 1608 daAuts
   Zot:3: 1590 daAuts
   Elf:1: 1499 daAuts
  Lair:5: 1476 daAuts
Vaults:3: 1413 daAuts
Depths:1: 1412 daAuts
Spider:4: 1385 daAuts
Vaults:1: 1358 daAuts
   Elf:2: 1300 daAuts
   Elf:3: 1288 daAuts
Vaults:5: 1272 daAuts
   Zot:5: 1260 daAuts
Vaults:2: 1156 daAuts
   Orc:2: 1117 daAuts
